 Dungeon Crawl Stone Soup version 0.29.0-4-gdea44cf6ec (webtiles) character file.

Game seed: 2083507030440231226

4671 qw the Cleaver (level 10, -12/96 HPs)
             Began as a Gargoyle Berserker on Sept 8, 2022.
             Was a Priest of Trog.
             Mangled by a boulder beetle (17 damage)
             ... on level 8 of the Dungeon.
             The game lasted 00:02:49 (7773 turns).

qw the Cleaver (Gargoyle Berserker)                 Turns: 7773, Time: 00:02:50

Health: -12/96     AC: 27    Str: 20    XL:     10   Next: 44%
Magic:  10/10      EV: 11    Int:  8    God:    Trog [***...]
Gold:   424        SH:  0    Dex:  9    Spells: 9/9 levels left

rFire   + + .      SeeInvis .   Y - +0 war axe
rCold   + . .      Faith    .   (no shield)
rNeg    + . .      Spirit   .   s - +0 plate armour
rPois   inf        Reflect  .   r - +0 helmet
rElec   +          Harm     .   (no cloak)
rCorr   .          Rampage  +   m - +0 pair of gloves
Will    .....                   e - +2 pair of boots of Saweck {Rampage +Inv rF++ Str-5}
Stlth   ..........              (no amulet)
HPRegen 0.26/turn               c - +4 ring of evasion
MPRegen 0.12/turn               j - ring of protection from cold

@: berserking, very quick
A: sickness immunity, AC +7, negative energy resistance 1, electricity
resistance, torment resistance 1, petrification resistance
a: Renounce Religion, Evoke Invisibility, Berserk, Trog's Hand


You were on level 8 of the Dungeon.
You worshipped Trog.
Trog was most pleased with you.
You visited 1 branch of the dungeon, and saw 8 of its levels.

You collected 424 gold pieces.


Innate Abilities, Weirdness & Mutations

You are immune to sickness and miasma.
Your stone body is resilient. (AC +7)
You are immune to poison.
You resist negative energy. (rN+)
You are resistant to electric shocks. (rElec)
You are resistant to unholy torment.
You are immune to petrification.


   Skills:
 - Level 8.0 Fighting
 + Level 10.4 Axes
 - Level 1.9 Throwing
 - Level 8.6 Armour
 - Level 1.5 Dodging


You had 9 spell levels left.
You didn't know any spells.
Your spell library was empty.

Inventory:

Hand Weapons
 u - a +0 morningstar
 Y - a +0 war axe (weapon)
Missiles
 d - 13 boomerangs (quivered)
Armour
 b - a +0 cloak
 e - the +2 pair of boots of Saweck (worn) {Rampage +Inv rF++ Str-5}
   (You found it on level 3 of the Dungeon)

   Str:       It affects your strength (-5).
   rF:        It greatly protects you from fire.
   +Inv:      It lets you turn invisible.
   Rampage:   It bestows one free step when moving towards enemies.
 f - a +0 pair of boots
 l - the +1 pair of boots of Valour {rC- Int+5}
   (You acquired it on level 4 of the Dungeon)

   Int:       It affects your intelligence (+5).
   rC:        It makes you vulnerable to cold.
 m - a +0 pair of gloves (worn)
 r - a +0 helmet (worn)
 s - a +0 plate armour (worn)
Jewellery
 c - a +4 ring of evasion (left hand)
 j - a ring of protection from cold (right hand)
 k - a ring of willpower
Scrolls
 a - 2 scrolls of identify
Potions
 g - 5 potions of curing
 h - a potion of mutation
 i - 3 potions of haste
 n - 2 potions of heal wounds
 t - a potion of resistance

Dungeon Overview and Level Annotations

Branches:
Dungeon (8/15)             Temple (0/1) D:7
   Lair: D:8-11

Altars:
Elyvilon
Qazlal
Sif Muna
Uskayaw
Xom
Yredelemnul

Annotations:
D:7 3 runed translucent doors, qw's ghost, novice BaCK


Message History

You kill the wyvern!
Trog accepts your kill.
Throw: 13 boomerangs
Press: ? - help, Q - select action Shift-Dir - straight line, f - boulder beetle You throw a boomerang.
The boomerang hits the boulder beetle but does no damage.
The boulder beetle is lightly wounded.
You hit the boulder beetle but do no damage.
You punch the boulder beetle, but do no damage.
The boulder beetle is lightly wounded.
The boulder beetle bites you.
You hit the boulder beetle but do no damage.
The boulder beetle is lightly wounded.
You hit the boulder beetle.
The boulder beetle is lightly wounded.
The boulder beetle bites you but does no damage.
You hit the boulder beetle but do no damage.
The boulder beetle is lightly wounded.
The boulder beetle closely misses you.
You slash the boulder beetle!
The boulder beetle is lightly wounded.
You recover from your berserk rage.
The boulder beetle misses you.
7769 ||| INVOKING Berserk.
A red film seems to cover your vision as you go berserk!
You feel yourself moving faster!
You feel mighty! The boulder beetle bites you!!
You hit the boulder beetle.
The boulder beetle is lightly wounded.
The boulder beetle bites you but does no damage.
You hit the boulder beetle but do no damage.
The boulder beetle is lightly wounded.
The boulder beetle bites you!
You hit the boulder beetle but do no damage.
You punch the boulder beetle, but do no damage.
The boulder beetle is lightly wounded.
You hit the boulder beetle.
The boulder beetle is moderately wounded.
The boulder beetle bites you!
You die...

#......### #.# #.# ##....### #.#
#.# .#..#### #.# .H #.#
....'..### #.# u# #.#
....###..### ..# .### #.#
......###..###l# ...# ####.#
........###..#.# ...# ###..#.#
#.........###.)###..####....#.#
#.....###...###.@#'###...##.#.#
#)...)####....##)B##...#.##.#(#
....)).###..#..###...#......#.#
.......##)...#...###...#.##.#.##
....##.............###...##.#..##
##......#........<...###....#....
......####..#..........###..#....
......# ##..#............####...#
......###...#..........#......#.#


You could see a boulder beetle.

Vanquished Creatures
  An ugly thing (D:8)
  Maurice (D:8)
  A wyvern (D:8)
  6 yaks (D:8)
  Eustachio (D:6)
  A steam dragon (D:8)
  2 water moccasins
  An orc warrior (D:6)
  3 ice beasts
  4 black bears
  2 ogres (D:5)
  2 phantoms
  A centaur (D:8)
  2 bullfrogs (D:8)
  2 scorpions
  5 wights (D:8)
  A killer bee (D:8)
  A howler monkey (D:6)
  An orc priest (D:8)
  6 hounds
  3 jellies
  4 iguanas
  4 orc wizards
  3 gnolls (D:7)
  7 adders
  A white imp (D:5)
  3 ufetubi
  7 dart slugs
  A worm (D:3)
  9 orcs
  7 ball pythons
  4 bats
  7 endoplasms
  3 giant cockroaches
  8 hobgoblins
  7 jackals
  2 kobolds
  2 quokkas
  A frilled lizard (D:1)
  5 goblins
  2 rats
  A spectral orc (D:6)
135 creatures vanquished.

Vanquished Creatures (others)
  An orc wizard (D:6)
  27 plants (D:8)
28 creatures vanquished.

Grand Total: 163 creatures vanquished

Notes
Turn   | Place    | Note
-------+----------+-------------------------------------------
     0 | D:1      | qw the Gargoyle Berserker began the quest for the Orb.
     0 | D:1      | Reached XP level 1. HP: 14/14 MP: 1/1
     0 | D:1      | 0 ||| qw: Version: 0.1-a-112-g44dc6cd
     0 | D:1      | 0 ||| qw: Game counter: 6691
     0 | D:1      | 0 ||| qw: Always use a shield: true
     0 | D:1      | 0 ||| qw: Do Orc after D:15 true
     0 | D:1      | 0 ||| qw: Do second Lair branch before Depths: true
     0 | D:1      | 0 ||| qw: Lair rune preference: random
     0 | D:1      | 0 ||| qw: Plans: Normal
     0 | D:1      | 0 ||| PLANNING D:1-11
   110 | D:1      | Reached skill level 3 in Axes
   137 | D:1      | Reached XP level 2. HP: 17/19 MP: 2/2
   178 | D:1      | 178 ||| Stepping ~*~*~tactically~*~*~ (hiding).
   333 | D:1      | 333 ||| Stepping ~*~*~tactically~*~*~ (stealth).
   347 | D:1      | 347 ||| INVOKING Berserk.
   642 | D:1      | You fall into a shaft and drop 1 floor!
   643 | D:2      | 643 ||| UPGRADING to +0 leather armour.
   653 | D:2      | 653 ||| DROPPING +0 animal skin.
   654 | D:2      | 654 ||| READING 3 scrolls labelled PIDDIS FEVAOGY.
   655 | D:2      | 655 ||| READING scroll labelled LEOCVI XA DEDI.
   656 | D:2      | 656 ||| READING scroll labelled WUSURA XO GIRGH.
   657 | D:2      | 657 ||| READING 2 scrolls of identify.
   657 | D:2      | 657 ||| IDENTIFYING sapphire potion
   762 | D:1      | Reached XP level 3. HP: 23/23 MP: 3/3
   807 | D:1      | 807 ||| Stepping ~*~*~tactically~*~*~ (stealth).
   863 | D:1      | Found a faded altar of an unknown god.
  1118 | D:1      | 1118 ||| READING scroll labelled YPHIOSTR PIWNY.
  1119 | D:1      | 1119 ||| READING 2 scrolls of identify.
  1119 | D:1      | 1119 ||| IDENTIFYING cyan potion
  1120 | D:1      | 1120 ||| DROPPING potion of berserk rage.
  1171 | D:2      | Found a shimmering altar of Xom.
  1254 | D:2      | 1254 ||| Stepping ~*~*~tactically~*~*~ (hiding).
  1264 | D:2      | Reached skill level 4 in Axes
  1280 | D:2      | 1280 ||| Stepping ~*~*~tactically~*~*~ (stealth).
  1295 | D:2      | 1295 ||| Stepping ~*~*~tactically~*~*~ (stealth).
  1550 | D:2      | 1550 ||| Stepping ~*~*~tactically~*~*~ (stealth).
  1551 | D:2      | 1551 ||| Stepping ~*~*~tactically~*~*~ (stealth).
  1552 | D:2      | 1552 ||| Stepping ~*~*~tactically~*~*~ (stealth).
  1555 | D:2      | Reached ** piety under Trog
  1627 | D:2      | Reached XP level 4. HP: 25/28 MP: 4/4
  1909 | D:2      | 1909 ||| UPGRADING to +4 ring of evasion.
  1910 | D:2      | 1910 ||| UPGRADING to ring of protection from cold.
  1911 | D:2      | 1911 ||| READING scroll labelled JIUBOU EGUEDON.
  1916 | D:2      | 1916 ||| READING scroll labelled MAQOAK SOCLITET.
  1917 | D:2      | 1917 ||| DRINKING 2 fuming dark potions.
  1918 | D:2      | 1918 ||| READING 5 scrolls of identify.
  1918 | D:2      | 1918 ||| IDENTIFYING bubbling clear potion
  1919 | D:2      | 1919 ||| READING 4 scrolls of identify.
  1919 | D:2      | 1919 ||| IDENTIFYING inky potion
  1920 | D:2      | 1920 ||| READING 3 scrolls of identify.
  1920 | D:2      | 1920 ||| IDENTIFYING grey potion
  1921 | D:2      | 1921 ||| DROPPING potion of attraction.
  1922 | D:2      | 1922 ||| DROPPING potion of degeneration.
  2139 | D:3      | Found a white marble altar of Elyvilon.
  2161 | D:3      | Identified the +2 pair of boots of Saweck {Rampage +Inv
                  | rF++ Str-5}
  2266 | D:3      | 2266 ||| Stepping ~*~*~tactically~*~*~ (stealth).
  2268 | D:3      | 2268 ||| Stepping ~*~*~tactically~*~*~ (stealth).
  2270 | D:3      | 2270 ||| Stepping ~*~*~tactically~*~*~ (stealth).
  2271 | D:3      | 2271 ||| Stepping ~*~*~tactically~*~*~ (stealth).
  2288 | D:3      | 2288 ||| Stepping ~*~*~tactically~*~*~ (stealth).
  2342 | D:3      | 2342 ||| Stepping ~*~*~tactically~*~*~ (stealth).
  2345 | D:3      | 2345 ||| Stepping ~*~*~tactically~*~*~ (stealth).
  2537 | D:3      | 2537 ||| UPGRADING to +2 pair of boots of Saweck {Rampage
                  | +Inv rF++ Str-5}.
  2542 | D:3      | 2542 ||| DROPPING ring of magical power.
  2543 | D:3      | 2543 ||| READING scroll labelled PANODU HOESM.
  2644 | D:3      | 2644 ||| READING scroll labelled OMAFOG HYAT.
  2645 | D:3      | 2645 ||| READING scroll labelled HYL KEOXUDE.
  2726 | D:4      | 2726 ||| INVOKING Berserk.
  2736 | D:4      | Reached skill level 5 in Axes
  2736 | D:4      | Reached XP level 5. HP: 31/32 MP: 5/5
  2843 | D:4      | Found a stormy altar of Qazlal.
  3102 | D:4      | 3102 ||| Stepping ~*~*~tactically~*~*~ (hiding).
  3259 | D:4      | Reached XP level 6. HP: 23/38 MP: 6/6
  3389 | D:4      | 3389 ||| INVOKING Berserk.
  3780 | D:4      | Noticed a black bear
  3781 | D:4      | 3781 ||| Stepping ~*~*~tactically~*~*~ (stealth).
  3782 | D:4      | 3782 ||| INVOKING Berserk.
  3790 | D:4      | Killed a black bear
  3791 | D:4      | Reached skill level 6 in Axes
  3941 | D:4      | 3941 ||| UPGRADING to +0 pair of gloves.
  3946 | D:4      | 3946 ||| READING scroll labelled PAEMNI RATTUYPP.
  3947 | D:4      | 3947 ||| READING 2 scrolls labelled UWNUDO KISOUGIURY.
  3947 | D:4      | Identified 2 scrolls of acquirement
  3947 | D:4      | 3947 ||| ACQUIRING +1 pair of boots of the Crafting Gods
                  | {rPois Will+ MP+9 Str-5}
  3947 | D:4      | Acquired the +1 pair of boots of the Crafting Gods {rPois
                  | Will+ MP+9 Str-5}
  3949 | D:4      | 3949 ||| READING scroll of acquirement.
  3949 | D:4      | 3949 ||| ACQUIRING +1 pair of boots of Valour {rC- Int+5}
  3949 | D:4      | Acquired the +1 pair of boots of Valour {rC- Int+5}
  3951 | D:4      | 3951 ||| READING 4 scrolls of identify.
  3951 | D:4      | 3951 ||| IDENTIFYING silvery potion
  3970 | D:5      | Entered Level 5 of the Dungeon
  4005 | D:5      | 4005 ||| INVOKING Berserk.
  4008 | D:5      | Reached XP level 7. HP: 38/43 MP: 7/7
  4028 | D:5      | Reached skill level 7 in Axes
  4036 | D:5      | 4036 ||| Stepping ~*~*~tactically~*~*~ (stealth).
  4084 | D:5      | 4084 ||| Stepping ~*~*~tactically~*~*~ (stealth).
  4108 | D:5      | 4108 ||| Stepping ~*~*~tactically~*~*~ (stealth).
  4134 | D:5      | 4134 ||| INVOKING Berserk.
  4230 | D:5      | Identified the +0 leather armour "Aclagonn" {rN+ Int+10
                  | Dex+4}
  4231 | D:5      | 4231 ||| SWAPPING to +0 war axe.
  4232 | D:5      | 4232 ||| DROPPING +0 hand axe.
  4243 | D:5      | 4243 ||| Stepping ~*~*~tactically~*~*~ (hiding).
  4249 | D:5      | 4249 ||| Stepping ~*~*~tactically~*~*~ (stealth).
  4262 | D:5      | 4262 ||| Stepping ~*~*~tactically~*~*~ (stealth).
  4263 | D:5      | 4263 ||| Stepping ~*~*~tactically~*~*~ (stealth).
  4283 | D:5      | 4283 ||| Stepping ~*~*~tactically~*~*~ (stealth).
  4284 | D:5      | 4284 ||| Stepping ~*~*~tactically~*~*~ (stealth).
  4294 | D:5      | 4294 ||| DROPPING +0 whip.
  4379 | D:5      | Reached XP level 8. HP: 49/49 MP: 8/8
  4414 | D:5      | Reached skill level 1 in Throwing
  4553 | D:5      | Reached skill level 8 in Axes
  4645 | D:5      | 4645 ||| INVOKING Berserk.
  4966 | D:5      | 4966 ||| UPGRADING to +0 chain mail.
  4976 | D:5      | 4976 ||| DROPPING +0 leather armour.
  4977 | D:5      | 4977 ||| UPGRADING to +0 helmet.
  4982 | D:5      | 4982 ||| READING 3 scrolls of identify.
  4982 | D:5      | 4982 ||| IDENTIFYING sedimented purple potion
  4983 | D:5      | 4983 ||| DROPPING potion of brilliance.
  5012 | D:6      | Noticed Eustachio
  5015 | D:6      | 5015 ||| Stepping ~*~*~tactically~*~*~ (stealth).
  5018 | D:6      | 5018 ||| INVOKING Berserk.
  5026 | D:6      | Killed Eustachio
  5027 | D:6      | Reached skill level 3 in Armour
  5205 | D:6      | Reached skill level 6 in Fighting
  5304 | D:6      | 5304 ||| INVOKING Berserk.
  5361 | D:6      | Found a shimmering blue altar of Sif Muna.
  5386 | D:6      | 5386 ||| Stepping randomly (disturbance).
  5509 | D:6      | 5509 ||| INVOKING Berserk.
  5513 | D:6      | Reached XP level 9. HP: 56/56 MP: 9/9
  5638 | D:6      | 5638 ||| INVOKING Berserk.
  5753 | D:6      | 5753 ||| DROPPING +0 flail.
  5811 | D:6      | 5811 ||| INVOKING Berserk.
  5938 | D:6      | Reached skill level 9 in Axes
  6128 | D:6      | Found a basalt altar of Yredelemnul.
  6177 | D:6      | 6177 ||| DROPPING +1 pair of boots of the Crafting Gods
                  | {rPois Will+ MP+9 Str-5}.
  6178 | D:6      | 6178 ||| UPGRADING to +0 plate armour.
  6188 | D:6      | 6188 ||| DROPPING +0 chain mail.
  6189 | D:6      | 6189 ||| READING scroll labelled ZOUS XYOMMIM.
  6190 | D:6      | 6190 ||| READING 2 scrolls of identify.
  6190 | D:6      | 6190 ||| IDENTIFYING fuming inky potion
  6385 | D:7      | Found a staircase to the Ecumenical Temple.
  6398 | D:7      | Noticed qw's ghost (novice BaCK)
  6399 | D:7      | Noticed a skeletal warrior
  6408 | D:7      | Found a runed translucent gate.
  6408 | D:7      | Found a runed translucent gate.
  6409 | D:7      | Found a runed translucent gate.
  6411 | D:7      | 6411 ||| Stepping ~*~*~tactically~*~*~ (stealth).
  6413 | D:7      | 6413 ||| Stepping ~*~*~tactically~*~*~ (stealth).
  6420 | D:7      | 6420 ||| Stepping ~*~*~tactically~*~*~ (hiding).
  6423 | D:7      | 6423 ||| Stepping ~*~*~tactically~*~*~ (hiding).
  6424 | D:7      | 6424 ||| Stepping ~*~*~tactically~*~*~ (hiding).
  6425 | D:7      | 6425 ||| Stepping ~*~*~tactically~*~*~ (hiding).
  6427 | D:7      | 6427 ||| Stepping ~*~*~tactically~*~*~ (hiding).
  6541 | D:7      | 6541 ||| INVOKING Berserk.
  6668 | D:7      | Found a hide-covered altar of Uskayaw.
  7211 | D:8      | Reached skill level 6 in Armour
  7220 | D:8      | Noticed Maurice
  7221 | D:8      | 7221 ||| Stepping ~*~*~tactically~*~*~ (hiding).
  7231 | D:8      | 7231 ||| INVOKING Berserk.
  7237 | D:8      | Reached *** piety under Trog
  7244 | D:8      | HP: 19/85 [Maurice/+0 dagger (5)]
  7248 | D:8      | 7248 ||| DRINKING 3 potions of heal wounds.
  7253 | D:8      | Killed Maurice
  7254 | D:8      | Reached skill level 10 in Axes
  7254 | D:8      | Reached XP level 10. HP: 39/63 MP: 10/10
  7717 | D:8      | Noticed a purple ugly thing
  7717 | D:8      | Noticed a manticore
  7718 | D:8      | 7718 ||| Stepping ~*~*~tactically~*~*~ (stealth).
  7719 | D:8      | 7719 ||| INVOKING Berserk.
  7734 | D:8      | Killed a purple ugly thing
  7744 | D:8      | Noticed a boulder beetle
  7748 | D:8      | 7748 ||| Stepping ~*~*~tactically~*~*~ (stealth).
  7769 | D:8      | 7769 ||| INVOKING Berserk.
  7769 | D:8      | HP: 14/96 [boulder beetle (18)]
  7771 | D:8      | HP: 4/96 [boulder beetle (10)]
  7773 | D:8      | Mangled by a boulder beetle

Levels and vault maps discovered:
D:1:      dpeg_arrival_rhombi, layout_loops_cross,
          ebering_ecumenical_altar_hall, chequers_serial_rivers_large_a,
          fountainhead
D:2:      layout_basic, serial_glass, glass_columns_a, glass_columns_b,
          basic_altar, minmay_misc_feat_chi
D:3:      layout_rooms, mainiacjoe_overflow_brackets
D:4:      layout_basic, grunt_qazlal_clouds
D:5:      layout_rooms, saegor_snake_ambush
D:6:      layout_rooms, yredelemnul_forgotten_temple_becter,
          kennysheep_orc_sif_temple, chequers_serial_rivers_room_b,
          amcnicky_mini_pool_small, supply_closet_lemuel, uniq_eustachio
D:7:      layout_basic, mainiacjoe_overflow_tiny_flanked,
          minmay_temple_entry_crystal_x, gammafunk_ghost_split
D:8:      minmay_the_grid_triangle_9x9_recursive_2
          [minmay_the_grid_triangle_9x9_prize_schism,
          minmay_the_grid_triangle_9x9_tough_junction,
          minmay_the_grid_triangle_9x9_descending_squares,
          minmay_the_grid_triangle_9x9_cache], layout_cave_pools, serial_bayou,
          serial_bayou_crossing, serial_bayou_pond_d, serial_bayou_pond_e,
          serial_bayou_pond_c, uniq_amaemon, uniq_maurice

Skill      XL: |  1  2  3  4  5  6  7  8  9 10 |
---------------+-------------------------------+-----
Axes           | 3 4 5 6 7 8 10 | 10.4
Fighting       | 4 5 6 7 8 |  8.0
Throwing       | 1 |  1.9
Armour         | 5 7 8 |  8.6
Dodging        | |  1.5

Action                   |  1- 3 |  4- 6 |  7- 9 | 10-12 || total
-------------------------+-------+-------+-------+-------++-------
Melee: Hand axe          |   106 |   179 |    45 |       ||   330
       Punch             |     1 |     1 |     3 |     3 ||     8
       War axe           |       |       |   216 |    67 ||   283
       Unarmed           |       |       |    10 |     5 ||    15
Throw: Boomerang         |       |       |    50 |     2 ||    52
Invok: Berserk           |     1 |     4 |     9 |     2 ||    16
  Use: Scroll            |     6 |    12 |     3 |       ||    21
       Potion            |       |     1 |     1 |       ||     2
Armor: Animal skin       |    24 |       |       |       ||    24
       Leather armour    |    19 |    48 |    41 |       ||   108
       Chain mail        |       |       |    61 |       ||    61
       Plate armour      |       |       |    39 |    46 ||    85
       Skin              |       |       |     1 |     1 ||     2
Dodge: Dodged            |    77 |   145 |   180 |    57 ||   459

Table legend:
 A = Non-vault XP
 B = Vault XP
 C = Vault XP percentage of total XP
 D = Non-vault monster count
 E = Vault monster count
 F = Vault count percentage of total count
                 A         B        C        D         E       F
            +---------+---------+-------+---------+---------+-------
      Total |    4758 |    1916 |  28.7 |     122 |      14 |  10.3
            +---------+---------+-------+---------+---------+-------
        D:1 |      46 |       0 |   0.0 |      22 |       0 |   0.0
        D:2 |      36 |       0 |   0.0 |      13 |       0 |   0.0
        D:3 |      53 |       0 |   0.0 |      12 |       0 |   0.0
        D:4 |     436 |       0 |   0.0 |      19 |       0 |   0.0
        D:5 |    1036 |       2 |   0.2 |      19 |       2 |   9.5
        D:6 |     745 |     437 |  37.0 |       9 |       6 |  40.0
        D:7 |     285 |       0 |   0.0 |      11 |       0 |   0.0
        D:8 |    2121 |    1477 |  41.1 |      17 |       6 |  26.1
            +---------+---------+-------+---------+---------+-------
